 Dungeon Crawl Stone Soup version 0.30-a0-43-gbbf338a72c (webtiles) character file.

Game seed: 15637327847174970172

7 scionoferis the Sneak (level 1, 0/10 HPs)
             Began as a Vampire Enchanter on Aug 31, 2022.
             Slain by a goblin
             ... wielding a +1 dagger of venom
              (3 damage)
             ... on level 1 of the Dungeon.
             The game lasted 00:00:49 (140 turns).

scionoferis the Sneak (Vampire Enchanter)            Turns: 140, Time: 00:00:50

Health: 0/10       AC:  2    Str:  7    XL:     1   Next: 83%
Magic:  3/3        EV: 12    Int: 17    God:
Gold:   12         SH:  0    Dex: 14    Spells: 4/4 levels left

rFire   . . .      SeeInvis +    a - +1 dagger
rCold   + + .      Faith    .    (no shield)
rNeg    + + +      Spirit   .    b - +0 robe
rPois   ∞          Reflect  .    (no helmet)
rElec   .          Harm     .    (no cloak)
rCorr   .          Rampage  .    (no gloves)
Will    .....                    (no boots)
Stlth   +++++.....               (no amulet)
HPRegen 0.00/turn                (no ring)
MPRegen 0.08/turn                (no ring)

@: bloodless, inhibited regen
A: bloodless, fangs 3, see invisible, vampiric 1
a: Revivify


You were on level 1 of the Dungeon.
You visited 1 branch of the dungeon, and saw 1 of its levels.

You collected 12 gold pieces.

Inventory:

Hand Weapons
 a - a +1 dagger (weapon)
Armour
 b - a +0 robe (worn)
Scrolls
 e - a scroll of blinking {unknown}
Potions
 c - 2 potions of invisibility
 d - a potion of heal wounds {unknown}


   Skills:
 * Level 1.5 Short Blades
 - Level 2.1 Dodging
 + Level 4.6 Stealth
 + Level 2.1 Spellcasting
 + Level 4.5 Hexes


You had 4 spell levels left.
You didn't know any spells.
Your spell library contained the following spells:

 Spells                   Type           Power      Damage    Failure   Level
 Confusing Touch          Hex            17%        N/A       9%          3
 Tukima's Dance           Hex            17%        N/A       9%          3
 Ensorcelled Hibernation  Hex/Ice        18%        N/A       12%         2
 Dazzling Flash           Conj/Hex       18%        N/A       22%         3


Dungeon Overview and Level Annotations

Branches:
Dungeon (1/15)

Altars:


Innate Abilities, Weirdness & Mutations

You do not regenerate when monsters are visible.
You are frail without blood (-20% HP).
You can heal yourself when you bite living creatures.
You are immune to poison.
You have razor-sharp teeth.
You have supernaturally acute eyesight. (SInv)
You are afflicted with vampirism.


Message History

The bat barely misses you.
You closely miss the bat. The bat hits you but does no damage.
The ball python bites you but does no damage.
The ball python grabs you. The ball python constricts you.
The ball python bites you but does no damage.
The ball python constricts you.
You escape the ball python's grasp.
The bat completely misses you. The bat attacks as you move away!
The bat hits you but does no damage. x2
The bat hits you.
You see here a +0 robe.
The ball python attacks as you move away!
The ball python closely misses you. The bat closely misses you.
You see here a +0 leather armour.
You barely miss the bat. The bat completely misses you. x2
You closely miss the bat. You bite the bat.
You kill the bat!
You hit the ball python.
The ball python is moderately wounded.
The ball python barely misses you. x2; The ball python bites you.
The ball python completely misses you.
You barely miss the ball python. Your bite misses the ball python.
The ball python closely misses you. The ball python grabs you.
The ball python constricts you.
You closely miss the ball python. The ball python barely misses you.
The ball python constricts you.
You hit the ball python.
The ball python is severely wounded.
The ball python bites you but does no damage.
The ball python constricts you.
You hit the ball python.
You kill the ball python!
You hit the rat.
You kill the rat!
You miss the goblin.
The goblin hits you with a +1 dagger of venom.
* * * LOW HITPOINT WARNING * * *
You hit the goblin. Your bite misses the goblin.
The goblin is severely wounded.
The goblin hits you with a +1 dagger of venom.
You die...

.###. .[ # ##.#.##
#.# ..
##.....##.##...
.......S......
........>...
####.##.......
#.......#
###)#g#####
#.#.#@##
#.#####......#
#.......#.#.>#
######..#.########
##...#.........
####.(#.##########
#.......#
#.##.##.(... #
#..##.####


You could see a goblin.

Vanquished Creatures
  A ball python (D:1)
  A goblin (D:1)
  A hobgoblin (D:1)
  A bat (D:1)
  2 frilled lizards (D:1)
  A rat (D:1)
7 creatures vanquished.

Notes
Turn   | Place    | Note
-------+----------+-------------------------------------------
     0 | D:1      | scionoferis the Vampire Enchanter began the quest for the
                  | Orb.
     0 | D:1      | Reached XP level 1. HP: 13/13 MP: 3/3
   140 | D:1      | Slain by a goblin

Illustrated notes

Levels and vault maps discovered:
D:1:      onia_arrival_mini_spirals, layout_basic, minmay_ruptured

Action                   || total
-------------------------++-------
Melee: Dagger            ||    19
       Bite              ||     1
 Abil: Exsanguinate      ||     1
 Stab: Sleeping          ||     1
Armor: Robe              ||     9
Dodge: Dodged            ||    16

Table legend: (Time is in decaauts)
 A = Elapsed time spent in this place.
 B = Non-inter-level travel time spent in this place.
 C = Inter-level travel time spent in this place.
 D = Time resting spent in this place.
 E = Time spent auto-exploring this place.
 F = Levels seen in this place.
 G = Mean time per level.
                   A        B        C        D        E       F      G
               +--------+--------+--------+--------+--------+-----+--------+
         Total |    138 |    138 |      0 |     13 |     65 |   1 |  138.0 |
       Dungeon |    138 |    138 |      0 |     13 |     65 |   1 |  138.0 |
               +--------+--------+--------+--------+--------+-----+--------+

Top non-repeatable levels by time:
     D:1: 138 daAuts
